 Dungeon Crawl Stone Soup version 0.31.0-1-g2c135a0 (webtiles) character file.

Game seed: 17190213124439490177

184 BRODOK the Sneak (level 5, 0/41 HPs)
             Began as a Formicid Hunter on Apr 12, 2024.
             Slain by a gnoll
             ... wielding a +0 flail
              (5 damage)
             ... on level 3 of the Dungeon on Apr 13, 2024.
             The game lasted 00:40:14 (2266 turns).

BRODOK the Sneak (Formicid Hunter)                  Turns: 2266, Time: 00:40:15

Health: 0/41       AC:  6    Str: 18    XL:     5   Next: 95%
Magic:  5/5        EV: 12    Int: 14    God:
Gold:   108        SH:  0    Dex: 17    Spells: 4/4 levels left

rFire   . . .        a - +0 shortbow
rCold   . . .        (no shield)
rNeg    . . .        k - +1 ring mail
rPois   .            (helmet unavailable)
rElec   .            (no cloak)
rCorr   .            (no gloves)
SInv    +            (no boots)
Will    .....        d - amulet "Morheat" {Acrobat Stlth+}
Stlth   +++          e - +6 ring of intelligence
HPRegen 0.26/turn    (no ring)
MPRegen 0.09/turn

%: acrobat
@: studying Shields
A: permanent stasis, dig shafts and tunnels, antennae 3, four strong arms
a: Dig, Shaft Self


You were on level 3 of the Dungeon.
You visited 1 branch of the dungeon, and saw 3 of its levels.

You collected 108 gold pieces.

Inventory:

Hand Weapons
 a - a +0 shortbow (weapon)
 o - a +2 hand axe of distortion
Armour
 k - a +1 ring mail (worn)
Jewellery
 d - the amulet "Morheat" (around neck) {Acrobat Stlth+}
   (You acquired it on level 2 of the Dungeon)

   [amulet of the acrobat]

   Acrobat:   It increases your evasion while moving and waiting.
   Stlth+:    It makes you more stealthy.
 e - a +6 ring of intelligence (left hand)
Scrolls
 b - a scroll of butterflies
 g - 3 scrolls of fog
 l - a scroll of enchant armour
 q - a scroll of noise {unknown}
Potions
 f - a potion of haste
 h - a potion of curing
 i - a potion of lignification {unknown}
 j - a potion of magic {unknown}
 n - a potion of resistance {unknown}
 p - a potion of berserk rage {unknown}


   Skills:
 - Level 3.0 Fighting
 + Level 4.4 Ranged Weapons
 - Level 3.0 Dodging
 - Level 5.0 Stealth


You had 4 spell levels left.
You didn't know any spells.
Your spell library contained the following spells:

 Spells                   Type           Power      Damage    Failure   Level
 Slow                     Hex            0%         N/A       45%         1
 Confusing Touch          Hex            0%         N/A       83%         3
 Sigil of Binding         Hex            0%         N/A       83%         3
 Tukima's Dance           Hex            0%         N/A       83%         3
 Vampiric Draining        Necr           0%         2d6       83%         3
 Dimensional Bullseye     Hex/Tloc       0%         N/A       99%         4
 Iskenderun's Mystic Bla  Conj/Tloc      0%         2d3       99%         4


Dungeon Overview and Level Annotations

Branches:
Dungeon (3/15)

Altars:


Innate Abilities, Weirdness & Mutations

You cannot be hasted, slowed, berserked, paralysed or teleported.
You can dig through walls and to a lower floor.
You have a pair of large antennae on your head. (SInv)
Your four strong arms can wield two-handed weapons with a shield.


Message History

You shoot an arrow. The arrow barely misses the gnoll. x2
The arrow hits the gnoll.
The gnoll is heavily wounded.
The gnoll closely misses you. x2
You shoot an arrow. The arrow hits the gnoll.
The gnoll is severely wounded.
The gnoll barely misses you.
You shoot an arrow.
The arrow hits the gnoll but does no damage.
The gnoll is heavily wounded.
The gnoll hits you with a +0 flail.
* * * LOW HITPOINT WARNING * * *
You shoot an arrow. The arrow hits the gnoll!
You kill the gnoll!
You shoot an arrow. The arrow closely misses the gnoll.
The arrow hits the gnoll.
The gnoll is heavily wounded.
The gnoll hits you with a +0 flail.
* * * LOW HITPOINT WARNING * * *
The gnoll barely misses you.
You shoot an arrow. The arrow hits the gnoll.
The gnoll is heavily wounded.
The gnoll misses you.
You shoot an arrow. The arrow hits the gnoll.
The gnoll is almost dead.
The gnoll barely misses you.
You shoot an arrow. The arrow barely misses the gnoll.
The arrow closely misses the gnoll.
The gnoll misses you.
You shoot an arrow. The arrow barely misses the gnoll.
The arrow hits the gnoll.
The gnoll is severely wounded.
The gnoll hits you with a +0 flail.
* * * LOW HITPOINT WARNING * * *
The gnoll hits you with a +0 flail.
* * * LOW HITPOINT WARNING * * *
You shoot an arrow.
The arrow hits the gnoll but does no damage.
The gnoll is almost dead.
The gnoll hits you with a +0 flail.
You die...

#####.....# #.###.# {
#.# #.# #.# #.#
#.#########
#.##......# ####
#.##[.....# ...#
#.##......#####...#>##
#..'........@gg.).....
####......#####.###.##
#......# .# ########
.# .# .. ##


You could see 2 gnolls.

Vanquished Creatures
  Jessica (D:2)
  Terence (D:2)
  An adder (D:2)
  5 gnolls (D:3)
  2 ribbon worms (D:2)
  3 orcs (D:2)
  7 ball pythons
  9 bats
  7 endoplasms
  4 giant cockroaches
  5 goblins
  7 hobgoblins
  A jackal (D:2)
  5 kobolds
  2 quokkas
  A frilled lizard (D:1)
  7 rats
68 creatures vanquished.

Notes
Turn   | Place    | Note
-------+----------+-------------------------------------------
     0 | D:1      | BRODOK the Formicid Hunter began the quest for the Orb.
     0 | D:1      | Reached XP level 1. HP: 16/16 MP: 1/1
    61 | D:1      | Reached XP level 2. HP: 23/23 MP: 2/2
   284 | D:1      | Found a faded altar of an unknown god.
   325 | D:1      | Reached XP level 3. HP: 29/29 MP: 3/3
   884 | D:2      | Identified a scroll of acquirement
   884 | D:2      | Acquired the amulet "Morheat" {Acrobat Stlth+}
  1175 | D:2      | Noticed Jessica
  1182 | D:2      | Killed Jessica
  1183 | D:2      | Reached skill level 2 in Stealth
  1183 | D:2      | Reached XP level 4. HP: 35/35 MP: 4/4
  1228 | D:2      | Reached skill level 3 in Stealth
  1351 | D:2      | Noticed Terence
  1360 | D:2      | Killed Terence
  1621 | D:2      | Reached XP level 5. HP: 41/41 MP: 5/5
  1668 | D:2      | Reached skill level 4 in Stealth
  1878 | D:2      | Acquired a manual of Shields
  2008 | D:3      | Noticed a phantom
  2233 | D:3      | Reached skill level 5 in Stealth
  2266 | D:3      | Slain by a gnoll

Illustrated notes

Levels and vault maps discovered:
D:1:      lemuel_arrival_cross, layout_loops_ring,
          shapermc_ecumenical_altar_ellora
D:2:      layout_basic, minmay_increasing_density, uniq_terence, uniq_jessica
D:3:      layout_basic, marbit_many_paths

Skill      XL: |  1  2  3  4  5 |
---------------+----------------+-----
Fighting       | 3 |  3.0
Dodging        | 2 3 |  3.0
Stealth        | 2 3 5 |  5.0
Ranged Weapons | |  4.4

Action                     |  1- 3 |  4- 6 || total
---------------------------+-------+-------++-------
   Fire: Shortbow          |    82 |   129 ||   211
    Use: Scroll            |     4 |     4 ||     8
 Armour: Leather armour    |     9 |     6 ||    15
         Ring mail         |       |    47 ||    47
  Dodge: Dodged            |    12 |    50 ||    62
